[Event "CAN-op"]
[Site "Ottawa CAN"]
[Date "2026.07.12"]
[Round "4.2"]
[White "Plotkin, Victor"]
[Black "Stefansson, Vignir Vatnar"]
[Result "1/2-1/2"]
[ECO "B22"]
[WhiteElo "2279"]
[BlackElo "2540"]
[WhiteFideId "-1"]
[BlackFideId "-1"]
[PlyCount "119"]
[GameId "2332995607166565"]
[EventDate "2026.07.11"]
[EventType "swiss"]
[EventRounds "9"]
[EventCountry "CAN"]
[TimeControl "5400+30"]
[WhiteClock "0:07:52"]
[BlackClock "0:37:37"]

1. e4 c5 2. c3 Nf6 3. e5 Nd5 4. d4 cxd4 5. Nf3 d6 6. Bc4 dxe5 7. Nxe5 e6 8. Bb5+ Nd7 9. Qxd4 a6 10. Bxd7+ Bxd7 11. Nxd7 Qxd7 12. O-O Nf6 13. Qxd7+ Nxd7 14. Nd2 Ne5 15. Ne4 O-O-O 16. b3 h6 17. f4 Nd3 18. Be3 f5 19. Nf2 Bc5 20. Bxc5 Nxc5 21. Rfd1 g5 22. g3 Kc7 23. Kf1 Rhg8 24. Rxd8 Rxd8 25. Ke2 Kc6 26. h4 g4 27. b4 Na4 28. Rc1 Nb2 29. Rc2 Nc4 30. Nd3 b6 31. a4 Nd6 32. Ne5+ Kc7 33. Ke3 h5 34. c4 Ne4 35. c5 bxc5 36. Nd3 Kb6 37. Nxc5 Nxg3 38. Kf2 Ne4+ 39. Nxe4 fxe4 40. Rc4 Rd2+ 41. Ke3 Rd3+ 42. Ke2 Rh3 43. Rxe4 Rxh4 44. Rxe6+ Kb7 45. f5 g3 46. Rg6 Rh2+ 47. Ke3 h4 48. f6 Rf2 49. Rg4 Rf1 50. f7 Rxf7 51. Rxh4 Rg7 52. Rh1 Rg4 53. Rg1 Rxb4 54. Rxg3 Rb3+ 55. Kf2 Rxg3 56. Kxg3 Kb6 57. Kf2 Ka5 58. Ke3 Kxa4 59. Kd2 Kb3 60. Kc1 1/2-1/2

[Event "CAN-op"]
[Site "Ottawa CAN"]
[Date "2026.07.12"]
[Round "4.3"]
[White "Rodrigue-Lemieux, Shawn"]
[Black "Samsonkin, Artiom"]
[Result "1/2-1/2"]
[ECO "E45"]
[WhiteElo "2534"]
[BlackElo "2361"]
[WhiteFideId "-1"]
[BlackFideId "-1"]
[PlyCount "28"]
[GameId "2332995607166566"]
[EventDate "2026.07.11"]
[EventType "swiss"]
[EventRounds "9"]
[EventCountry "CAN"]
[TimeControl "5400+30"]
[WhiteClock "0:54:04"]
[BlackClock "0:35:08"]

1. d4 e6 2. c4 Nf6 3. Nc3 Bb4 4. e3 b6 5. Nge2 Ba6 6. a3 Bxc3+ 7. Nxc3 d5 8. Qf3 O-O 9. g4 Bb7 10. g5 Ne4 11. Nxe4 dxe4 12. Qf4 Nd7 13. Bd2 c5 14. dxc5 e5 1/2-1/2

[Event "CAN-op"]
[Site "Ottawa CAN"]
[Date "2026.07.12"]
[Round "4.5"]
[White "Preotu, Razvan"]
[Black "Chiku-Ratte, Olivier-Kenta"]
[Result "1/2-1/2"]
[ECO "C42"]
[WhiteElo "2482"]
[BlackElo "2354"]
[WhiteFideId "-1"]
[BlackFideId "-1"]
[PlyCount "59"]
[GameId "2332995607174761"]
[EventDate "2026.07.11"]
[EventType "swiss"]
[EventRounds "9"]
[EventCountry "CAN"]
[TimeControl "5400+30"]
[WhiteClock "0:07:00"]
[BlackClock "0:01:02"]

1. e4 e5 2. Nf3 Nf6 3. Nxe5 d6 4. Nf3 Nxe4 5. Nc3 Nxc3 6. dxc3 Be7 7. Bf4 O-O 8. Qd2 Nd7 9. O-O-O Nc5 10. Bc4 Be6 11. Bxe6 Nxe6 12. Be3 Qd7 13. h4 Qb5 14. Ng5 a5 15. f4 a4 16. g4 Qc4 17. Kb1 Bf6 18. a3 Rfe8 19. Rhe1 b6 20. Nf3 Qc6 21. Qg2 Ra5 22. Bd2 Rb5 23. Qe2 g6 24. Nd4 Bxd4 25. cxd4 Qxc2+ 26. Kxc2 Nxd4+ 27. Kd3 Nxe2 28. Rxe2 Rd5+ 29. Kc4 Rc5+ 30. Kd3 1/2-1/2

[Event "CAN-op"]
[Site "Ottawa CAN"]
[Date "2026.07.12"]
[Round "4.7"]
[White "Qian, Ashley"]
[Black "Noritsyn, Nikolay"]
[Result "1/2-1/2"]
[ECO "C45"]
[WhiteElo "1983"]
[BlackElo "2458"]
[WhiteFideId "-1"]
[BlackFideId "-1"]
[PlyCount "108"]
[GameId "2332995607178860"]
[EventDate "2026.07.11"]
[EventType "swiss"]
[EventRounds "9"]
[EventCountry "CAN"]
[TimeControl "5400+30"]
[WhiteClock "0:03:08"]
[BlackClock "0:06:29"]

1. e4 e5 2. Nf3 Nc6 3. d4 exd4 4. Nxd4 Qf6 5. Nb3 Qg6 6. Qe2 a5 7. a3 a4 8. N3d2 Bc5 9. Nc3 Nf6 10. Nc4 O-O 11. Be3 d6 12. f3 Be6 13. Bxc5 dxc5 14. Qf2 Nd4 15. Ne3 c6 16. Bd3 Qh6 17. O-O b5 18. e5 Nd7 19. f4 f6 20. exf6 Nxf6 21. Rae1 Rae8 22. Ne4 Nxe4 23. Bxe4 Bd7 24. Bd3 c4 25. Nxc4 Rxe1 26. Rxe1 Rxf4 27. Qe3 Nf3+ 28. gxf3 bxc4 29. Bf1 Qg5+ 30. Kh1 h6 31. b3 cxb3 32. cxb3 axb3 33. Qxb3+ Kh7 34. Bd3+ Bf5 35. Bxf5+ Qxf5 36. Qb1 Qxb1 37. Rxb1 Rxf3 38. Rc1 Rxa3 39. Rxc6 Ra2 40. Rb6 h5 41. Rb4 Kh6 42. h4 g6 43. Rc4 Re2 44. Rb4 Kg7 45. Rf4 Ra2 46. Kg1 Ra5 47. Kg2 Rf5 48. Ra4 Re5 49. Rf4 Re6 50. Kg3 Rf6 51. Ra4 Rf1 52. Kg2 Rf6 53. Kg3 Re6 54. Rf4 Rf6 1/2-1/2

[Event "CAN-op"]
[Site "Ottawa CAN"]
[Date "2026.07.12"]
[Round "4.8"]
[White "Stremavicius, Titas"]
[Black "Lattafi, Youcef"]
[Result "1-0"]
[ECO "A21"]
[WhiteElo "2555"]
[BlackElo "2029"]
[WhiteFideId "-1"]
[BlackFideId "-1"]
[PlyCount "177"]
[GameId "2332995607182957"]
[EventDate "2026.07.11"]
[EventType "swiss"]
[EventRounds "9"]
[EventCountry "CAN"]
[TimeControl "5400+30"]
[WhiteClock "0:05:10"]
[BlackClock "0:06:24"]

1. c4 e5 2. Nf3 d6 3. Nc3 f5 4. d4 e4 5. Ng1 c6 6. Bf4 Nf6 7. e3 Be7 8. h4 Na6 9. Nh3 Nc7 10. Bg3 O-O 11. Be2 d5 12. Qb3 Kh8 13. h5 dxc4 14. Qxc4 Be6 15. Bxc7 Qd7 16. Qa4 Qxc7 17. Nf4 Qd7 18. Bc4 Bxc4 19. Qxc4 Ng4 20. Rc1 Bd6 21. Nce2 a5 22. a4 Rf6 23. Kf1 Rd8 24. g3 Qf7 25. Qxf7 Rxf7 26. Ne6 Re8 27. N2f4 Kg8 28. Ke2 Rfe7 29. d5 cxd5 30. Nd4 Re5 31. Nb5 Rd8 32. Rc2 Ree8 33. Nd4 Be5 34. Nxf5 d4 35. exd4 Bxd4 36. Rd1 Be5 37. Rxd8 Rxd8 38. Nd5 Kf7 39. Nde3 Nf6 40. Rc5 Bxb2 41. Rb5 Bc3 42. Rxb7+ Rd7 43. Rxd7+ Nxd7 44. Nd6+ Ke6 45. Nxe4 Bf6 46. Nc4 Kd5 47. Kd3 Bd8 48. Ne3+ Ke6 49. Kc4 Ke5 50. Nc3 Nf6 51. f4+ Ke6 52. g4 Ne8 53. Kb5 g6 54. h6 Nd6+ 55. Kc6 Nf7 56. g5 Nxg5 57. fxg5 Bxg5 58. Nc4 Bxh6 59. Ne2 Bg5 60. Nd4+ Kf6 61. Nxa5 Be3 62. Kd5 Ke7 63. Nf3 Kd7 64. Nc4 Ba7 65. Nce5+ Kc7 66. Ng5 Kb6 67. Nc4+ Ka6 68. Nxh7 Be3 69. Nf6 g5 70. Ng4 Bf4 71. Ke4 Kb7 72. Nge5 Ka6 73. Kf5 Kb7 74. Nd3 Bc7 75. Nde5 Ka6 76. Nf3 Bd8 77. Nxg5 Bc7 78. Ke6 Bd8 79. Ne4 Bc7 80. Nc5+ Ka7 81. Kd7 Bh2 82. Kc6 Bg1 83. Na3 Bf2 84. Nb5+ Ka8 85. a5 Bg3 86. a6 Bf4 87. Nd7 Bc7 88. Nb6+ Bxb6 89. Kxb6 1-0

[Event "CAN-op"]
[Site "Ottawa CAN"]
[Date "2026.07.13"]
[Round "5.1"]
[White "Jaferian, Koosha"]
[Black "Plotkin, Victor"]
[Result "1-0"]
[ECO "C56"]
[WhiteElo "2249"]
[BlackElo "2279"]
[WhiteFideId "-1"]
[BlackFideId "-1"]
[PlyCount "101"]
[GameId "2332995607211665"]
[EventDate "2026.07.11"]
[EventType "swiss"]
[EventRounds "9"]
[EventCountry "CAN"]
[TimeControl "5400+30"]
[WhiteClock "0:20:58"]
[BlackClock "0:01:42"]

1. e4 e5 2. Nf3 Nc6 3. d4 exd4 4. Bc4 Nf6 5. e5 d5 6. Bb5 Ne4 7. Nxd4 Bd7 8. Bxc6 bxc6 9. O-O g6 10. f3 Nc5 11. Be3 Na4 12. b3 Nb6 13. c3 c5 14. Ne2 Qe7 15. f4 O-O-O 16. a4 Bc6 17. a5 Nd7 18. Qd3 Kb8 19. b4 f6 20. exf6 Qxf6 21. bxc5 Nxc5 22. Bd4 Qe7 23. Qc2 Rg8 24. Be5 Ne6 25. Nd4 Qc5 26. Nd2 Nxd4 27. Bxd4 Qe7 28. a6 Ka8 29. Nf3 Bb5 30. Rfb1 Rb8 31. c4 Bxc4 32. Rxb8+ Kxb8 33. Qb2+ Qb4 34. Qxb4+ Bxb4 35. Rb1 Ka8 36. Rxb4 Bxa6 37. Ra4 Kb7 38. Ne5 Ra8 39. Rb4+ Kc8 40. Nc6 Bc4 41. Bxa7 Kd7 42. Ne5+ Ke6 43. Rb7 Kd6 44. Nxc4+ dxc4 45. Bd4 Kd5 46. Be5 c5 47. Rxh7 Ra3 48. Rh3 Rxh3 49. gxh3 g5 50. Kf2 Ke4 51. fxg5 1-0

[Event "CAN-op"]
[Site "Ottawa CAN"]
[Date "2026.07.13"]
[Round "5.2"]
[White "Rodrigue-Lemieux, Shawn"]
[Black "Golubka, Petro"]
[Result "1-0"]
[ECO "E49"]
[WhiteElo "2534"]
[BlackElo "2355"]
[WhiteFideId "-1"]
[BlackFideId "-1"]
[PlyCount "69"]
[GameId "2332995607215762"]
[EventDate "2026.07.11"]
[EventType "swiss"]
[EventRounds "9"]
[EventCountry "CAN"]
[TimeControl "5400+30"]
[WhiteClock "0:39:11"]
[BlackClock "1:05:53"]

1. d4 Nf6 2. c4 e6 3. Nc3 Bb4 4. e3 O-O 5. a3 Bxc3+ 6. bxc3 c5 7. Bd3 d5 8. cxd5 exd5 9. Ne2 Re8 10. O-O b6 11. f3 Ba6 12. Ng3 Bxd3 13. Qxd3 Nc6 14. Bb2 h5 15. Rae1 Rc8 16. e4 h4 17. Nf5 g6 18. Nxh4 Nxe4 19. Nxg6 Qg5 20. fxe4 Qxg6 21. Qh3 cxd4 22. Rf4 dxc3 23. Bxc3 d4 24. Rg4 dxc3 25. Rxg6+ fxg6 26. Qxc3 Ne5 27. Qb3+ Kg7 28. Rd1 Re7 29. h3 Rce8 30. Rd6 Nf7 31. Qc3+ Kh7 32. Rf6 Nh8 33. Rf4 Kg8 34. h4 Kh7 35. h5 1-0

[Event "CAN-op"]
[Site "Ottawa CAN"]
[Date "2026.07.13"]
[Round "5.4"]
[White "Atanasov, Anthony"]
[Black "Demchenko, Svitlana"]
[Result "1/2-1/2"]
[ECO "A80"]
[WhiteElo "2470"]
[BlackElo "2159"]
[WhiteFideId "-1"]
[BlackFideId "-1"]
[PlyCount "149"]
[GameId "2332995607219861"]
[EventDate "2026.07.11"]
[EventType "swiss"]
[EventRounds "9"]
[EventCountry "CAN"]
[TimeControl "5400+30"]
[WhiteClock "0:01:43"]
[BlackClock "0:01:23"]

1. d4 f5 2. Nf3 Nf6 3. Bf4 e6 4. e3 b6 5. a3 Bb7 6. c4 d6 7. Nc3 h6 8. h4 Be7 9. Qb3 Qc8 10. Be2 O-O 11. Rd1 Ne4 12. Nxe4 Bxe4 13. Nd2 Bb7 14. Bf3 c5 15. dxc5 dxc5 16. Bxb7 Qxb7 17. Nf3 Nc6 18. O-O Bf6 19. Bd6 Rf7 20. Qc2 Re8 21. b4 e5 22. bxc5 e4 23. Nd4 Bxh4 24. Qa4 Rc8 25. Nb5 a6 26. Nc3 bxc5 27. Nd5 Rd8 28. Bxc5 Ne5 29. Bb6 Rc8 30. c5 Nd3 31. Nb4 Nxc5 32. Bxc5 Rxc5 33. Nxa6 Rc6 34. Nb4 Rg6 35. Qe8+ Kh7 36. Nd5 Ra6 37. a4 Ra8 38. Qb5 Qxb5 39. axb5 Ra5 40. b6 Rb7 41. Rd4 Rb5 42. Rc1 Rb2 43. g3 Bd8 44. Rc5 Bxb6 45. Nxb6 R7xb6 46. Rxf5 R2b4 47. Re5 Rxd4 48. exd4 Rb1+ 49. Kh2 Re1 50. Kh3 Re2 51. Kg2 Re1 52. g4 Kg6 53. Kg3 Re2 54. Kg2 Re1 55. Kh3 Re2 56. Kg3 Kf6 57. Kg2 Re1 58. Kh2 Re2 59. Kg3 Kg6 60. Re6+ Kf7 61. Rd6 Ke7 62. Rd5 Kf6 63. Rf5+ Kg6 64. d5 Rd2 65. Re5 Kf6 66. Rh5 Ke7 67. Re5+ Kf6 68. Rf5+ Kg6 69. Kh3 Rd3+ 70. Kg2 Rd1 71. Kh2 Rd3 72. Kg2 Rd1 73. Kh3 Rd3+ 74. Kh2 Rd4 75. Kg3 1/2-1/2

[Event "CAN-op"]
[Site "Ottawa CAN"]
[Date "2026.07.13"]
[Round "5.5"]
[White "Dukic, Zachary"]
[Black "Preotu, Razvan"]
[Result "0-1"]
[ECO "B33"]
[WhiteElo "2204"]
[BlackElo "2482"]
[WhiteFideId "-1"]
[BlackFideId "-1"]
[PlyCount "70"]
[GameId "2332995607223958"]
[EventDate "2026.07.11"]
[EventType "swiss"]
[EventRounds "9"]
[EventCountry "CAN"]
[TimeControl "5400+30"]
[WhiteClock "0:01:34"]
[BlackClock "0:05:31"]

1. e4 c5 2. Nf3 Nc6 3. d4 cxd4 4. Nxd4 Nf6 5. Nc3 e5 6. Ndb5 d6 7. Nd5 Nxd5 8. exd5 Nb8 9. Qf3 a6 10. Qa3 Be7 11. Bg5 f6 12. Bd2 O-O 13. Bb4 Qd7 14. O-O-O Rd8 15. f4 b6 16. Bd2 Bb7 17. Nc3 Qc7 18. g4 Nd7 19. h4 b5 20. g5 Kh8 21. Bg2 Qc4 22. b3 Qd4 23. Qb2 Nb6 24. a3 a5 25. Nxb5 Qf2 26. Rhg1 Bxd5 27. Rdf1 Qc5 28. a4 Bxg2 29. Rxg2 Nd5 30. fxe5 dxe5 31. gxf6 Bxf6 32. Bg5 Nf4 33. Bxf4 exf4 34. c3 Qe3+ 35. Kb1 Qd3+ 0-1

[Event "CAN-op"]
[Site "Ottawa CAN"]
[Date "2026.07.13"]
[Round "5.6"]
[White "Marchand, Calix"]
[Black "Stremavicius, Titas"]
[Result "0-1"]
[ECO "B18"]
[WhiteElo "2181"]
[BlackElo "2555"]
[WhiteFideId "-1"]
[BlackFideId "-1"]
[PlyCount "52"]
[GameId "2332995607223959"]
[EventDate "2026.07.11"]
[EventType "swiss"]
[EventRounds "9"]
[EventCountry "CAN"]
[TimeControl "5400+30"]
[WhiteClock "0:00:32"]
[BlackClock "0:07:45"]

1. e4 c6 2. d4 d5 3. Nc3 dxe4 4. Nxe4 Bf5 5. Qf3 e6 6. c3 Nf6 7. Nxf6+ Qxf6 8. Qg3 Nd7 9. Nf3 Qd8 10. a4 a5 11. Be2 h5 12. h4 Nf6 13. O-O Ne4 14. Qh2 Be7 15. Bf4 Qb6 16. Bc4 O-O 17. Ra2 Rac8 18. Ne5 Rfd8 19. Be3 c5 20. Bb5 cxd4 21. Bxd4 Rxd4 22. cxd4 Bd6 23. g3 Nd2 24. Rd1 Qxd4 25. Qg2 Qxe5 26. Qxb7 Rb8 0-1

[Event "CAN-op"]
[Site "Ottawa CAN"]
[Date "2026.07.13"]
[Round "5.7"]
[White "Sambuev, Bator"]
[Black "Tran, Tri"]
[Result "1-0"]
[ECO "A06"]
[WhiteElo "2420"]
[BlackElo "2008"]
[WhiteFideId "-1"]
[BlackFideId "-1"]
[PlyCount "43"]
[GameId "2332995607228056"]
[EventDate "2026.07.11"]
[EventType "swiss"]
[EventRounds "9"]
[EventCountry "CAN"]
[TimeControl "5400+30"]
[WhiteClock "0:41:12"]
[BlackClock "0:07:10"]

1. Nf3 d5 2. e3 Nf6 3. c4 c5 4. cxd5 Nxd5 5. b3 Nc6 6. Bb2 Ndb4 7. d4 Bf5 8. Na3 Qa5 9. Qd2 O-O-O 10. Rc1 e6 11. Nc4 Qxa2 12. Be2 cxd4 13. Nxd4 Nxd4 14. exd4 Nc6 15. O-O Bb4 16. Qe3 Qa6 17. Nd6+ Rxd6 18. Bxa6 bxa6 19. d5 exd5 20. Qf4 Be4 21. f3 Bg6 22. Qxb4 1-0

[Event "CAN-op"]
[Site "Ottawa CAN"]
[Date "2026.07.13"]
[Round "5.8"]
[White "Chiku-Ratte, Olivier-Kenta"]
[Black "Kola, Venkat Karthikeya R"]
[Result "1-0"]
[ECO "B51"]
[WhiteElo "2354"]
[BlackElo "2130"]
[WhiteFideId "-1"]
[BlackFideId "-1"]
[PlyCount "79"]
[GameId "2332995607232153"]
[EventDate "2026.07.11"]
[EventType "swiss"]
[EventRounds "9"]
[EventCountry "CAN"]
[TimeControl "5400+30"]
[WhiteClock "0:04:05"]
[BlackClock "0:01:08"]

1. e4 c5 2. Nf3 d6 3. Bb5+ Nd7 4. O-O a6 5. Bd3 Ngf6 6. Re1 g6 7. c3 Bg7 8. Bc2 O-O 9. d4 b5 10. e5 Ne8 11. Ng5 Nc7 12. f4 Nb6 13. dxc5 dxc5 14. Qe2 Ne6 15. Nxh7 Nxf4 16. Bxf4 Kxh7 17. Nd2 Nd5 18. Bg5 c4 19. Qh5+ Kg8 20. Qh4 Qb6+ 21. Kh1 Qe6 22. h3 Bb7 23. Nf3 Nc7 24. Nd4 Qb6 25. Bxe7 Rfe8 26. e6 Bd5 27. exf7+ Bxf7 28. Nf3 Ne6 29. Ne5 Nf8 30. Nxf7 Kxf7 31. Be4 Rad8 32. Bxd8 Rxd8 33. Rad1 Bf6 34. Qg3 Rxd1 35. Rxd1 Kg7 36. Qd6 Qf2 37. Qc7+ Kh6 38. Qf7 Qe2 39. Qxf8+ Bg7 40. Qf4+ 1-0

[Event "CAN-op"]
[Site "Ottawa CAN"]
[Date "2026.07.14"]
[Round "6.1"]
[White "Preotu, Razvan"]
[Black "Jaferian, Koosha"]
[Result "1-0"]
[ECO "B12"]
[WhiteElo "2482"]
[BlackElo "2249"]
[WhiteFideId "-1"]
[BlackFideId "-1"]
[PlyCount "51"]
[GameId "2332995607256764"]
[EventDate "2026.07.11"]
[EventType "swiss"]
[EventRounds "9"]
[EventCountry "CAN"]
[TimeControl "5400+30"]
[WhiteClock "0:43:45"]
[BlackClock "0:29:23"]

1. e4 c6 2. d4 d5 3. f3 dxe4 4. fxe4 e5 5. Nf3 Bg4 6. c3 Nd7 7. Be2 Ngf6 8. Nbd2 exd4 9. cxd4 Bb4 10. O-O Bxd2 11. Bxd2 Nxe4 12. Ng5 Ndf6 13. Nxe4 Nxe4 14. Bxg4 Qxd4+ 15. Kh1 Qxd2 16. Qe1 O-O 17. Qxe4 Qxb2 18. Qc4 Qe5 19. Rae1 Qc7 20. Qc5 Qb6 21. Qe7 Qd4 22. Bd1 b5 23. Bb3 c5 24. Rd1 Qc3 25. Bxf7+ Kh8 26. Bd5 1-0

[Event "CAN-op"]
[Site "Ottawa CAN"]
[Date "2026.07.14"]
[Round "6.2"]
[White "Chiku-Ratte, Olivier-Kenta"]
[Black "Stefansson, Vignir Vatnar"]
[Result "1/2-1/2"]
[ECO "D02"]
[WhiteElo "2354"]
[BlackElo "2540"]
[WhiteFideId "-1"]
[BlackFideId "-1"]
[PlyCount "117"]
[GameId "2332995607256765"]
[EventDate "2026.07.11"]
[EventType "swiss"]
[EventRounds "9"]
[EventCountry "CAN"]
[TimeControl "5400+30"]
[WhiteClock "0:01:24"]
[BlackClock "0:09:24"]

1. d4 d5 2. Nf3 Nf6 3. Bf4 g6 4. e3 Bg7 5. h3 O-O 6. Be2 c5 7. c3 Nc6 8. O-O Nd7 9. Nbd2 e5 10. dxe5 Ndxe5 11. Nxe5 Nxe5 12. Nf3 Nc6 13. Qb3 c4 14. Qa3 Qb6 15. Rad1 Qb5 16. Bd6 Re8 17. Rd2 h6 18. Qc5 Qxc5 19. Bxc5 b6 20. Bd6 Be6 21. Nd4 Nxd4 22. exd4 Rad8 23. Bc7 Rd7 24. Bf4 b5 25. a3 a5 26. Bf3 Ra8 27. Ra1 Raa7 28. Bb8 Ra8 29. Be5 Bf8 30. g4 Rda7 31. Bd1 Bd7 32. Rc2 b4 33. Rcc1 Bc6 34. Kg2 bxa3 35. bxa3 a4 36. Rcb1 Rb7 37. Rxb7 Bxb7 38. Bf4 Bc6 39. Bc2 Bd7 40. Bc1 Re8 41. Kf1 h5 42. f3 hxg4 43. hxg4 Rb8 44. Rb1 Rxb1 45. Bxb1 f5 46. g5 f4 47. Bxg6 Be7 48. Bh5 Bxg5 49. Bg4 Bxg4 50. fxg4 Kf7 51. Bd2 Kg6 52. Kf2 Be7 53. Bc1 Bh4+ 54. Kf3 Be1 55. Kxf4 Bxc3 56. Ke5 Be1 57. Kxd5 c3 58. Be3 Bd2 59. Kc4 1/2-1/2

[Event "CAN-op"]
[Site "Ottawa CAN"]
[Date "2026.07.14"]
[Round "6.4"]
[White "Stremavicius, Titas"]
[Black "Sambuev, Bator"]
[Result "1/2-1/2"]
[ECO "D02"]
[WhiteElo "2555"]
[BlackElo "2420"]
[WhiteFideId "-1"]
[BlackFideId "-1"]
[PlyCount "92"]
[GameId "2332995607264960"]
[EventDate "2026.07.11"]
[EventType "swiss"]
[EventRounds "9"]
[EventCountry "CAN"]
[TimeControl "5400+30"]
[WhiteClock "0:05:18"]
[BlackClock "0:23:00"]

1. Nf3 d5 2. g3 c5 3. Bg2 Nf6 4. O-O e6 5. d4 cxd4 6. Nxd4 e5 7. Nb3 Be6 8. Bg5 Nbd7 9. f4 exf4 10. gxf4 h6 11. Bh4 Nb6 12. f5 Bd7 13. e4 dxe4 14. Nc3 Be7 15. Bxf6 Bxf6 16. Nxe4 O-O 17. Nxf6+ Qxf6 18. Qd4 Qxd4+ 19. Nxd4 Nc4 20. Rfe1 Rad8 21. b3 Nd6 22. Re5 Rfe8 23. Rd5 Nc8 24. Rd1 Ne7 25. Rd6 Bc8 26. Nb5 Rxd6 27. Nxd6 Rd8 28. Rd4 b6 29. c4 Ba6 30. Kf2 Rd7 31. f6 gxf6 32. Bh3 Rd8 33. Ke3 Kf8 34. Ne4 Rxd4 35. Kxd4 Nc6+ 36. Kd5 Nb4+ 37. Kd6 Nxa2 38. Kc7 Nc1 39. Nd2 Nxb3 40. Nxb3 Bxc4 41. Nd4 b5 42. Kd6 a5 43. Kc5 a4 44. Kb4 Be6 45. Bf1 Bd7 46. Nxb5 Bxb5 1/2-1/2

[Event "CAN-op"]
[Site "Ottawa CAN"]
[Date "2026.07.14"]
[Round "6.5"]
[White "Atanasov, Anthony"]
[Black "Samsonkin, Artiom"]
[Result "1/2-1/2"]
[ECO "A47"]
[WhiteElo "2470"]
[BlackElo "2361"]
[WhiteFideId "-1"]
[BlackFideId "-1"]
[PlyCount "60"]
[GameId "2332995607269057"]
[EventDate "2026.07.11"]
[EventType "swiss"]
[EventRounds "9"]
[EventCountry "CAN"]
[TimeControl "5400+30"]
[WhiteClock "0:17:26"]
[BlackClock "0:07:18"]

1. d4 Nf6 2. Nf3 b6 3. e3 Bb7 4. Bd3 g6 5. O-O Bg7 6. Re1 d5 7. c4 e6 8. Nbd2 O-O 9. Qc2 Na6 10. a3 c5 11. b3 Rc8 12. Bb2 Qe7 13. Rac1 Rfd8 14. Qb1 cxd4 15. exd4 Nb8 16. Qa1 Nh5 17. Bf1 Nd7 18. g3 Qd6 19. Bg2 Qb8 20. Rc2 Qa8 21. Qd1 Nhf6 22. Qe2 dxc4 23. bxc4 b5 24. c5 a6 25. h4 Bd5 26. a4 Qb7 27. Ra1 Ne8 28. axb5 axb5 29. Bf1 Nd6 30. Rac1 Nc4 1/2-1/2

[Event "CAN-op"]
[Site "Ottawa CAN"]
[Date "2026.07.14"]
[Round "6.6"]
[White "Cummings, David"]
[Black "Noritsyn, Nikolay"]
[Result "1/2-1/2"]
[ECO "A30"]
[WhiteElo "2233"]
[BlackElo "2458"]
[WhiteFideId "-1"]
[BlackFideId "-1"]
[PlyCount "115"]
[GameId "2332995607273154"]
[EventDate "2026.07.11"]
[EventType "swiss"]
[EventRounds "9"]
[EventCountry "CAN"]
[TimeControl "5400+30"]
[WhiteClock "0:03:54"]
[BlackClock "0:03:28"]

1. Nf3 Nf6 2. c4 b6 3. g3 Bb7 4. Bg2 c5 5. O-O g6 6. b3 Bg7 7. Bb2 O-O 8. Nc3 d6 9. d4 cxd4 10. Nxd4 Bxg2 11. Kxg2 Qd7 12. Rc1 Qb7+ 13. Kg1 Nbd7 14. Qd2 Rfc8 15. Qe3 Ne5 16. f4 Nfg4 17. Qe4 Qxe4 18. Nxe4 Nd7 19. h3 Ngf6 20. Nd2 a6 21. Nc2 Ne4 22. Nxe4 Bxb2 23. Rcd1 b5 24. Ne3 Nb6 25. Rd2 Bg7 26. cxb5 axb5 27. g4 Rc6 28. f5 Bf8 29. Kg2 Ra5 30. h4 b4 31. Nc2 Rxa2 32. Nxb4 Rxd2 33. Nxd2 Rc8 34. Ra1 Rc5 35. f6 Re5 36. e4 exf6 37. Ra6 Rb5 38. Nc6 Nd7 39. Nd4 Rb8 40. Nc6 Rb5 41. Nd4 Rb7 42. Nc4 Nc5 43. Rb6 Ra7 44. Kf3 Nd7 45. Rb5 Kg7 46. Nc6 Rc7 47. Nb4 Nc5 48. Nd5 Ra7 49. b4 Ne6 50. Ra5 Rb7 51. Ke3 Nc7 52. Nxc7 Rxc7 53. Kd4 d5 54. exd5 Bxb4 55. Rb5 Bf8 56. d6 Rxc4+ 57. Kxc4 Bxd6 58. Kd3 1/2-1/2

[Event "CAN-op"]
[Site "Ottawa CAN"]
[Date "2026.07.15"]
[Round "7.1"]
[White "Rodrigue-Lemieux, Shawn"]
[Black "Preotu, Razvan"]
[Result "1-0"]
[ECO "D10"]
[WhiteElo "2534"]
[BlackElo "2482"]
[WhiteFideId "-1"]
[BlackFideId "-1"]
[PlyCount "81"]
[GameId "2332995607305961"]
[EventDate "2026.07.11"]
[EventType "swiss"]
[EventRounds "9"]
[EventCountry "CAN"]
[TimeControl "5400+30"]
[WhiteClock "0:04:24"]
[BlackClock "0:11:40"]

1. c4 c6 2. d4 d5 3. cxd5 cxd5 4. Bg5 Nc6 5. Nc3 f6 6. Bd2 e5 7. e4 dxe4 8. dxe5 fxe5 9. Bc4 Nf6 10. Nge2 a6 11. Ng3 Bg4 12. Be2 Bxe2 13. Qxe2 Qd3 14. Ngxe4 Qxe2+ 15. Kxe2 Nd4+ 16. Kf1 Bb4 17. g3 O-O-O 18. Bg5 Bxc3 19. Nxc3 h6 20. Be3 Ng4 21. Rd1 Rhf8 22. Kg2 Nxe3+ 23. fxe3 Nf5 24. Kf3 Rd6 25. Ke4 Rb6 26. b3 Rb4+ 27. Kd3 h5 28. Rhf1 Rd8+ 29. Ke2 Rxd1 30. Rxd1 Rb6 31. Rd5 Re6 32. Ne4 Kc7 33. Ng5 Re7 34. Nf3 Nd6 35. Rxe5 Rxe5 36. Nxe5 Nb5 37. Kd3 Kd6 38. Ng6 Na7 39. Nf4 h4 40. gxh4 Nc6 41. Ke4 1-0

[Event "CAN-op"]
[Site "Ottawa CAN"]
[Date "2026.07.15"]
[Round "7.2"]
[White "Stefansson, Vignir Vatnar"]
[Black "Golubka, Petro"]
[Result "1/2-1/2"]
[ECO "E11"]
[WhiteElo "2540"]
[BlackElo "2355"]
[WhiteFideId "-1"]
[BlackFideId "-1"]
[PlyCount "102"]
[GameId "2332995607305962"]
[EventDate "2026.07.11"]
[EventType "swiss"]
[EventRounds "9"]
[EventCountry "CAN"]
[TimeControl "5400+30"]
[WhiteClock "0:08:17"]
[BlackClock "0:03:46"]

1. d4 Nf6 2. c4 e6 3. Nf3 Bb4+ 4. Bd2 Qe7 5. g3 Nc6 6. Nc3 Bxc3 7. Bxc3 Ne4 8. Rc1 d5 9. Bg2 O-O 10. O-O Rd8 11. Qc2 a5 12. Rfd1 Bd7 13. Ne1 f5 14. e3 dxc4 15. Bxe4 fxe4 16. Qxe4 Qf7 17. f4 Ne7 18. Qe5 Ba4 19. Rd2 b5 20. a3 Qf5 21. Nf3 Nc6 22. Qxf5 exf5 23. Rg2 b4 24. Be1 Re8 25. Kf2 c3 26. bxc3 bxa3 27. Ra1 Bb3 28. Rxa3 a4 29. g4 fxg4 30. Rxg4 Na5 31. Ne5 Nc4 32. Nxc4 Bxc4 33. Bd2 Reb8 34. e4 Rb2 35. Ke3 Ra2 36. Rxa2 Bxa2 37. c4 Bxc4 38. Bc3 g6 39. d5 a3 40. f5 a2 41. Ba1 Ra3+ 42. Kf4 Kf7 43. fxg6+ hxg6 44. Rh4 Ke7 45. Rh7+ Kd8 46. Rh8+ Kd7 47. Bf6 Kd6 48. Be5+ Kc5 49. Rc8 Bxd5 50. exd5 a1=Q 51. Bxa1 Rxa1 1/2-1/2

[Event "CAN-op"]
[Site "Ottawa CAN"]
[Date "2026.07.15"]
[Round "7.3"]
[White "Samsonkin, Artiom"]
[Black "Stremavicius, Titas"]
[Result "0-1"]
[ECO "B53"]
[WhiteElo "2361"]
[BlackElo "2555"]
[WhiteFideId "-1"]
[BlackFideId "-1"]
[PlyCount "95"]
[GameId "2332995607310059"]
[EventDate "2026.07.11"]
[EventType "swiss"]
[EventRounds "9"]
[EventCountry "CAN"]
[TimeControl "5400+30"]
[WhiteClock "0:00:33"]
[BlackClock "0:05:41"]

1. e4 c5 2. Nf3 Nc6 3. Bb5 d6 4. d4 cxd4 5. Qxd4 Bd7 6. Bxc6 Bxc6 7. Nc3 Nf6 8. Bg5 e6 9. O-O-O Be7 10. Qd3 Qa5 11. h4 h6 12. Bd2 Qa6 13. Qxa6 bxa6 14. Rde1 Rc8 15. Nd4 Ba8 16. f3 Nd7 17. Nb3 Ne5 18. Kb1 Nc4 19. Bc1 O-O 20. Nd1 a5 21. Ne3 a4 22. Nxc4 Rxc4 23. Nd2 Rc5 24. Nf1 d5 25. exd5 Bxd5 26. Ne3 Bc6 27. Ng4 Rc8 28. Be3 Ra5 29. Bd4 h5 30. Ne5 Bd5 31. Nd3 Rc4 32. c3 Rb5 33. Nf4 Bb7 34. Kc2 a6 35. Nd3 Rc8 36. Re5 Bd5 37. Nf4 Bf6 38. Rxd5 exd5 39. Bxf6 gxf6 40. Nxh5 a3 41. Rb1 d4 42. Nxf6+ Kg7 43. Ne4 f5 44. Nd6 d3+ 45. Kc1 d2+ 46. Kd1 Rxb2 47. Ra1 Rc5 48. g4 0-1